AoeStats
← Tavik

Nomad

510187752Analyzed
2v2 RM · 1d ago on Sep 29, 2026· 24m 10s· 4 players
Game mode
Random Map
Map size
176×176
Population
200
Speed
Normal
Resources
Standard
Victory
Conquest
Starting age
Dark Age
Ending age
Imperial Age
RankedLock teamsTeams togetherTeam positionsShared explorationLock speedFull tech treeHidden civsTurbo modeCheats
Victory
Defeat
🇨🇿 Japanese · Czechia
1324
+17
🇨🇿 Varangians · Czechia
1288
+18
🇦🇷 Dravidians · Argentina
1356
-18
🇦🇷 Persians · Argentina
1335
-17
Melioth
5:04 Loom
14:00 Feudal Age
18:30 Castle Age
16:28 Double-Bit Axe
16:25 Horse Collar
17:16 Gold Mining
17:33 Stone Mining
19:33 Bow Saw
22:21 Fletching
22:41 Forging
22:37 Scale Barding Armor
22:52 Fishing Lines
Tavik
5:10 Loom
14:15 Feudal Age
20:07 Castle Age
20:19 Double-Bit Axe
20:17 Horse Collar
24:00 Fletching
Inkas| OMNI
9:26 Loom
12:15 Feudal Age
12:58 Double-Bit Axe
15:20 Fletching
18:02 Wheelbarrow
22:15 Castle Age
21:28 Padded Archer Armor
21:19 Gold Mining
23:05 Bow Saw
23:12 Medium Warships
22:57 Bodkin Arrow
24:19 Leather Archer Armor
PANCHOLOCO
6:18 Loom
12:32 Feudal Age
26:29 Castle Age
24:21 Double-Bit Axe
Connection lost

Rejoining the realm…

Still unreachable

The connection could not be restored.

Session expired

The server has moved on; the page needs a fresh start.